 Dungeon Crawl Stone Soup version 0.31-a0-507-gbafd7f5274 (webtiles) character file.

Game seed: 16010482405199647558

3180 pokeman the Thaumaturge (level 9, -1/47 (51) HPs)
             Began as a Deep Elf Hedge Wizard on Aug 9, 2023.
             Slain by a wight
             ... wielding a +2 halberd
              (3 damage)
             ... on level 7 of the Dungeon.
             The game lasted 00:16:46 (7412 turns).

pokeman the Thaumaturge (Deep Elf Hedge Wizard)     Turns: 7412, Time: 00:16:46

HP:   -1/47 (51)    AC:  5    Str:  7    XL:     9   Next: 63%
MP:   14/26         EV: 13    Int: 24    God:
Gold: 369           SH:  5    Dex: 20    Spells: 19/31 levels left

rFire   . . .        q - +2 whip (venom)
rCold   + . .        (no shield)
rNeg    . . .        b - +0 robe
rPois   .            c - +0 hat
rElec   .            (no cloak)
rCorr   .            g - +0 pair of gloves
SInv    .            (no boots)
Will    .....        B - amulet of reflection
Stlth   +++          e - ring of protection from cold
HPRegen 0.27/turn    v - +6 ring of dexterity
MPRegen 0.20/turn

%: reflection
@: drained
A: talons 1, iridescent scales 1
a: no special abilities


You were on level 7 of the Dungeon.
You visited 2 branches of the dungeon, and saw 8 of its levels.
You also visited: Sewer.

You collected 369 gold pieces.

Inventory:

Hand Weapons
 q - a +2 whip of venom (weapon)
Armour
 b - a +0 robe (worn)
 c - a +0 hat (worn)
 g - a +0 pair of gloves (worn)
 x - a +0 buckler of reflection
Jewellery
 e - a ring of protection from cold (left hand)
 v - a +6 ring of dexterity (right hand)
 y - an amulet of guardian spirit
 B - an amulet of reflection (around neck)
Wands
 u - a wand of flame (24)
 w - a wand of polymorph (8)
Scrolls
 i - a scroll of noise {unknown}
 k - 2 scrolls of enchant weapon {unknown}
 l - 2 scrolls of teleportation {unknown}
 m - 4 scrolls of identify {unknown}
 n - a scroll of poison {unknown}
 o - 2 scrolls of immolation {unknown}
 p - a scroll of blinking {unknown}
 A - 2 scrolls of amnesia {unknown}
Potions
 a - a potion of cancellation {unknown}
 d - 5 potions of magic
 f - a potion of invisibility
 h - a potion of curing
 j - 2 potions of heal wounds {unknown}
 r - 3 potions of haste {unknown}
 s - 2 potions of might {unknown}
 t - a potion of enlightenment {unknown}
 z - a potion of brilliance {unknown}


   Skills:
 + Level 3.2 Fighting
 - Level 3.0 Armour
 - Level 3.0 Dodging
 - Level 3.0 Stealth
 * Level 11.9 Spellcasting
 + Level 6.5 Conjurations
 - Level 1.1 Summonings
 - Level 1.1 Translocations
 + Level 5.9 Fire Magic
 - Level 1.1 Air Magic
 - Level 1.2 Earth Magic
 - Level 1.0 Poison Magic
 - Level 1.1 Evocations


You had 19 spell levels left.
You knew the following spells:

 Your Spells              Type           Power      Damage    Failure   Level
a - Magic Dart            Conj           100%       1d8       1%          1
b - Mephitic Cloud        Conj/Pois/Air  28%        N/A       4%          3
c - Call Imp              Summ           38%        N/A       4%          2
d - Blink                 Tloc           38%        N/A       4%          2
e - Foxfire               Conj/Fire      100%       2x1d9     1%          1
f - Stone Arrow           Conj/Erth      66%        3d11      2%          3

Your spell library contained the following spells:

 Spells                   Type           Power      Damage    Failure   Level
 Sandblast                Erth           40%        2d10      2%          1
 Dazzling Flash           Conj/Hex       60%        N/A       3%          3
 Necrotise                Necr           56%        1d6       4%          1
 Slow                     Hex            56%        N/A       4%          1
 Cigotuvi's Dreadful Rot  Necr/Pois/Air  34%        N/A       4%          2
 Lesser Beckoning         Tloc           38%        N/A       4%          2
 Passwall                 Tmut/Erth      14%        N/A       4%          2
 Gell's Gravitas          Tloc           19%        N/A       9%          3
 Teleport Other           Tloc           19%        N/A       9%          3
 Vampiric Draining        Necr           14%        2d7       13%         3
 Starburst                Conj/Fire      22%        6d7       45%         6
 Summon Forest            Summ/Tloc      9%         N/A       61%         5
 Silence                  Hex/Air        8%         N/A       67%         5
 Summon Mana Viper        Hex/Summ       16%        N/A       67%         5
 Agony                    Necr           14%        N/A       77%         5
 Plasma Beam              Fire/Air       15%        2x1d27    83%         6
 Summon Cactus Giant      Summ           9%         N/A       99%         6


Dungeon Overview and Level Annotations

Branches:
Dungeon (7/15)             Temple (1/1) D:4           Sewer (visited)

Altars:
Ashenzari
Cheibriados
Dithmenos
Elyvilon
Fedhas
Gozag
Kikubaaqudgha
Nemelex Xobeh
Okawaru
Qazlal
Ru
Trog
Uskayaw
Zin

Annotations:
D:6 exclusion: oklob plant


Innate Abilities, Weirdness & Mutations

You have sharp toenails.
You are partially covered in iridescent scales. (AC +2)


Message History

The wight is moderately damaged.
Casting: Foxfire (safe; 1% risk of failure)
Confirm with . or Enter, or press ? or * to list all spells.
You conjure some foxfire!
The wight barely misses you.
Unknown command.
The foxfire hits the wight.
The wight is moderately damaged.
The foxfire hits the wight but does no damage.
The wight is moderately damaged.
The foxfire hits the wight.
The wight is heavily damaged.
You block the wight's attack.
Casting: Foxfire (safe; 1% risk of failure)
Confirm with . or Enter, or press ? or * to list all spells.
You conjure some foxfire!
The wight hits you from afar with a +2 halberd!
You feel drained.
Unknown command.
Casting: Foxfire (safe; 1% risk of failure)
Confirm with . or Enter, or press ? or * to list all spells.
You conjure some foxfire!
You block the wight's attack.
The foxfire hits the wight but does no damage.
The wight is heavily damaged.
The foxfire hits the wight.
The wight is heavily damaged.
The foxfire hits the wight.
The wight is severely damaged.
The wight hits you from afar with a +2 halberd!
* * * LOW HITPOINT WARNING * * *
You feel drained.
* * * LOW HITPOINT WARNING * * *
Casting: Foxfire (safe; 1% risk of failure)
Confirm with . or Enter, or press ? or * to list all spells.
You conjure some foxfire!
The wight misses you.
The foxfire hits the wight but does no damage.
The wight is severely damaged.
The foxfire hits the wight.
The wight is severely damaged.
The wight hits you from afar with a +2 halberd.
You die...

..).z......... .>##
..#.#.######### ...
###.#.#.......### #)#
....#...........###.#####
#####...................#
......e.###########)#.#.#
#####.#ez....#......<.#
#.#.####.#.####.#.#
#.#.#..<))z.@##.#.#
#.#.#.####)#ยง##.# #
#.#.# #.#..... #.#..
#.####.# #.### #+# #.#
#.. #.#


You could see a wight.

Vanquished Creatures
  Maggie (D:7)
  A wyvern (D:5)
  3 water moccasins (D:6)
  Duvessa (D:7)
  An ice beast (D:7)
  A black bear (D:5)
  2 centaurs
  4 ogres
  The ghost of shadowstone the Shooter, an amateur OpHu (D:4)
  2 phantoms (D:5)
  2 kobold brigands (Sewer)
  2 gnoll sergeants (D:6)
  2 bullfrogs (D:7)
  4 wights (D:7)
  Dowan (D:7)
  4 jellies
  2 hounds (D:6)
  An iguana (D:5)
  Natasha (twice) (D:4)
  5 orc wizards
  15 gnolls
  4 river rats (Sewer)
  11 adders
  A shadow imp (D:6)
  A white imp (D:6)
  A worm (D:3)
  A dart slug (D:1)
  11 orcs
  7 bats
  9 endoplasms
  6 giant cockroaches
  6 goblins
  15 hobgoblins
  3 jackals (D:3)
  9 quokkas
  15 ball pythons
  6 frilled lizards
  18 kobolds
  27 rats
208 creatures vanquished.

Vanquished Creatures (others)
  535 foxfires
535 creatures vanquished.

Grand Total: 743 creatures vanquished

Notes
Turn   | Place    | Note
-------+----------+-------------------------------------------
     0 | D:1      | pokeman the Deep Elf Hedge Wizard began the quest for the
                  | Orb.
     0 | D:1      | Reached XP level 1. HP: 10/10 MP: 7/7
   166 | D:1      | Reached XP level 2. HP: 16/16 MP: 0/9
   649 | D:1      | Found a faded altar of an unknown god.
   652 | D:1      | You fall into a shaft and drop 1 floor!
   800 | D:1      | Learned a level 1 spell: Foxfire
   818 | D:1      | Reached skill level 5 in Spellcasting
  1172 | D:1      | Reached XP level 3. HP: 20/20 MP: 7/11
  1176 | D:1      | Learned a level 3 spell: Mephitic Cloud
  1179 | D:1      | Learned a level 2 spell: Call Imp
  1182 | D:1      | Learned a level 2 spell: Blink
  1368 | D:2      | Reached skill level 1 in Fighting
  1368 | D:2      | Reached skill level 1 in Armour
  1465 | D:2      | Reached XP level 4. HP: 19/25 MP: 5/13
  2309 | D:3      | Reached skill level 6 in Spellcasting
  2347 | D:3      | Reached XP level 5. HP: 29/29 MP: 12/15
  2489 | D:3      | Learned a level 3 spell: Stone Arrow
  2512 | D:3      | Found a sacrificial altar of Ru.
  2691 | D:3      | Found a glowing drain.
  2695 | Sewer    | Entered a sewer
  3043 | Sewer    | Reached skill level 1 in Fire Magic
  3050 | Sewer    | Reached skill level 1 in Poison Magic
  3194 | Sewer    | Reached skill level 1 in Earth Magic
  3198 | Sewer    | Gained mutation: You have large cloven feet. [potion of
                  | mutation]
  3198 | Sewer    | Gained mutation: Your body sometimes deteriorates upon
                  | taking damage. [potion of mutation]
  3208 | Sewer    | Reached skill level 1 in Air Magic
  3208 | Sewer    | Reached XP level 6. HP: 12/34 MP: 3/17
  3208 | Sewer    | Lost mutation: You have large cloven feet. [potion of
                  | mutation]
  3208 | Sewer    | Lost mutation: Your body sometimes deteriorates upon taking
                  | damage. [potion of mutation]
  3208 | Sewer    | Gained mutation: You are partially covered in iridescent
                  | scales. (AC +2) [potion of mutation]
  3208 | Sewer    | Gained mutation: You have sharp toenails. [potion of
                  | mutation]
  3470 | Sewer    | Reached skill level 7 in Spellcasting
  4267 | D:4      | Noticed Natasha
  4270 | D:4      | Killed Natasha
  4432 | D:4      | Found a staircase to the Ecumenical Temple.
  4441 | Temple   | Entered the Ecumenical Temple
  4465 | D:4      | Noticed Natasha
  4468 | D:4      | Killed Natasha
  4689 | D:4      | Found a runed translucent door.
  4694 | D:4      | Noticed shadowstone's ghost (amateur OpHu)
  4701 | D:4      | Killed shadowstone's ghost
  4702 | D:4      | Reached XP level 7. HP: 36/38 MP: 15/19
  4982 | D:5      | Entered Level 5 of the Dungeon
  5182 | D:5      | Reached skill level 8 in Spellcasting
  5195 | D:5      | Noticed a wyvern
  5204 | D:5      | Killed a wyvern
  5387 | D:5      | Reached XP level 8. HP: 44/44 MP: 18/22
  5482 | D:5      | Reached skill level 9 in Spellcasting
  5553 | D:5      | Found a shadowy altar of Dithmenos.
  5878 | D:6      | Reached skill level 1 in Evocations
  5969 | D:6      | Found a blossoming altar of Fedhas.
  5992 | D:6      | Noticed an oklob plant
  6066 | D:6      | Reached skill level 5 in Conjurations
  6099 | D:6      | Reached skill level 10 in Spellcasting
  6605 | D:6      | Found a broken altar of Ashenzari.
  6686 | D:6      | Reached XP level 9. HP: 15/48 MP: 17/25
  6807 | D:6      | Found a sparkling altar of Nemelex Xobeh.
  6869 | D:6      | Found an iron altar of Okawaru.
  7040 | D:7      | Reached skill level 5 in Fire Magic
  7187 | D:7      | Reached skill level 11 in Spellcasting
  7193 | D:7      | Noticed Dowan
  7194 | D:7      | Noticed Maggie
  7370 | D:7      | Noticed Duvessa
  7388 | D:7      | Killed Dowan
  7389 | D:7      | Killed Duvessa
  7401 | D:7      | Killed Maggie
  7408 | D:7      | HP: 1/47 [wight/+2 halberd (6)]
  7412 | D:7      | Slain by a wight

Illustrated notes

Levels and vault maps discovered:
D:1:      minmay_arrival_plants_in_alcoves, layout_loops_ring,
          hellmonk_ecumenical_altar_pennies_from_heaven,
          minmay_tree_intersection
D:2:      layout_rooms
D:3:      layout_loops_corners, amcnicky_altar_gilded, gup_sewer_entry_spiral
D:4:      kennysheep_spiral_hall, layout_cave_pods, minmay_temple_entry_ruins,
          ebering_ghost_reflecting_pool, uniq_natasha
D:5:      layout_loops_ring, grunt_dithmenos_smoke
D:6:      layout_rooms, kennysheep_okawaru_gauntlet, nemelex_dance_club_becter,
          tgw_fedhas, mainiacjoe_overflow_tiny_flanked
D:7:      layout_basic, grunt_temple_overflow_holy_war,
          mainiacjoe_overflow_boulevard, minmay_statues_item, uniq_duvessa,
          uniq_maggie
Temple:   nicolae_temple_superstar

Skill      XL: |  1  2  3  4  5  6  7  8  9 |
---------------+----------------------------+-----
Spellcasting   | 5 6 7 8 10 11 | 11.9
Fighting       | 1 2 3 |  3.2
Armour         | 1 3 |  3.0
Conjurations   | 2 3 4 5 6 |  6.5
Dodging        | 3 |  3.0
Stealth        | 3 |  3.0
Fire Magic     | 1 2 3 4 5 |  5.9
Poison Magic   | 1 |  1.0
Earth Magic    | 1 |  1.2
Air Magic      | 1 |  1.1
Evocations     | 1 |  1.1
Summonings     | |  1.1
Translocations | |  1.1

Action                     |  1- 3 |  4- 6 |  7- 9 || total
---------------------------+-------+-------+-------++-------
  Melee: Dagger            |     2 |    16 |       ||    18
         Whip              |       |    32 |    76 ||   108
         Kick              |       |     3 |    22 ||    25
         Punch             |       |       |     1 ||     1
   Cast: Magic Dart        |    59 |     8 |    10 ||    77
         Foxfire           |    28 |   151 |   125 ||   304
         Mephitic Cloud    |       |     3 |    16 ||    19
         Blink             |       |       |     2 ||     2
         Stone Arrow       |       |       |     2 ||     2
         Call Imp          |       |       |     1 ||     1
    Use: Potion            |       |     4 |     1 ||     5
   Stab: Sleeping          |     1 |       |     1 ||     2
         Confused          |       |     1 |     8 ||     9
 Armour: Robe              |     3 |    13 |    25 ||    41
  Dodge: Dodged            |     9 |    42 |    68 ||   119
  Block: Other             |       |       |     7 ||     7

Table legend: (Time is in decaauts)
 A = Elapsed time spent in this place.
 B = Non-inter-level travel time spent in this place.
 C = Inter-level travel time spent in this place.
 D = Time resting spent in this place.
 E = Time spent auto-exploring this place.
 F = Levels seen in this place.
 G = Mean time per level.
                   A        B        C        D        E       F      G
               +--------+--------+--------+--------+--------+-----+--------+
         Total |   7477 |   7254 |    223 |    143 |   5632 |   9 |  830.8 |
       Dungeon |   6417 |   6194 |    223 |    143 |   4736 |   7 |  916.7 |
        Temple |      6 |      6 |      0 |      0 |      0 |   1 |    6.0 |
         Sewer |   1053 |   1053 |      0 |      0 |    895 |   1 | 1053.0 |
               +--------+--------+--------+--------+--------+-----+--------+

Top non-repeatable levels by time:
     D:6: 1308 daAuts
     D:1: 1246 daAuts
     D:3: 1134 daAuts
   Sewer: 1053 daAuts
     D:5: 884 daAuts
     D:2: 879 daAuts
     D:4: 716 daAuts
     D:7: 247 daAuts
  Temple: 6 daAuts
